[Event "Team 45 45 League T25"]
[Site "Internet Chess Club"]
[Date "2005.01.01"]
[Round "3"]
[White "Unbeliever"]
[Black "StefanM"]
[Result "0-1"]
[WhiteElo "2025"]
[BlackElo "1885"]
[TimeControl "2700+45"]

1. e4 d5 2. exd5 Qxd5 3. Nc3 Qa5 4. d4 c6 5. Nf3 Nf6 6. Ne5 Bf5 7. g4 Be6 8. Nc4
Qc7 9. g5 Nd5 10. Ne4 g6 11. c3 Nd7 12. Qf3 Bg7 13. h4 O-O-O 14. h5 gxh5 15.
Rxh5 f6 16. Ne3 Bf7 17. Rh4 Bg6 18. gxf6 N7xf6 19. Nf5 e6 20. Nxg7 Bxe4 21. Rxe4
Qxg7 22. Rxe6 Rhe8 23. Rxe8 Rxe8+ 24. Be3 Nxe3 25. fxe3 Qg5 26. Kd2 Ne4+ 27. Kc2
Kb8 28. Bd3 Nf6 29. Rf1 Nd5 30. e4 Ne3+ 31. Kb1 Nxf1 32. Qxf1 h5 33. e5 h4 34.
Qf7 Qe7 35. Qh5 a6 36. e6 Qxe6 37. Qxh4 Qe3 38. Qh7 Qd2 39. a3 Re1+ 40. Ka2 Re3
41. Bc2 Re2 42. Kb1 Qe1+ 43. Ka2 Qc1 44. Kb3 a5 45. a4 b5 46. Qd7 Qxc2+ {White
resigns} 0-1

[Event "Team 45 45 League T25"]
[Site "Internet Chess Club"]
[Date "2005.01.03"]
[Round "3"]
[White "tourettes"]
[Black "Zornorph"]
[Result "1-0"]
[WhiteElo "1779"]
[BlackElo "1936"]
[TimeControl "2700+45"]

1. e4 e5 2. Nf3 Nc6 3. Bb5 Nf6 4. O-O d6 5. d4 exd4 6. e5 dxe5 7. Nxe5 Bd7 8.
Nxd7 Qxd7 9. Re1+ Be7 10. Qe2 Kf8 11. Bg5 Re8 12. Qf3 Nd5 13. Bxe7+ Rxe7 14.
Rxe7 Ndxe7 15. Nd2 Qd5 16. Qe2 Qe5 17. Qd3 h5 18. Nf3 Qc5 19. Rd1 Rh6 20. c3 Rd6
21. Nxd4 Ne5 22. Qh3 Qxb5 23. Qxh5 g6 24. Nxb5 gxh5 25. Nxd6 cxd6 26. Rxd6 N7g6
27. g3 Ke7 28. Rd1 Nf3+ 29. Kg2 Nge5 30. a4 f5 31. b4 h4 32. c4 hxg3 33. hxg3
Ng5 34. c5 Nd7 35. Rd5 Ke6 36. Rd6+ Ke7 37. Rg6 Ne6 38. Rh6 a5 39. Rh7+ Ke8 40.
c6 bxc6 41. bxa5 Nec5 42. Rh5 Ke7 43. Rxf5 Na6 44. Rf3 Ne5 45. Rc3 Kd6 46. f4
Nd7 47. g4 Ndc5 48. g5 Nxa4 49. Rd3+ Ke6 50. g6 Nc7 51. g7 {Black resigns} 1-0

[Event "Team 45 45 League T25"]
[Site "Internet Chess Club"]
[Date "2004.12.30"]
[Round "3"]
[White "MrAnderssen"]
[Black "jmoffitt"]
[Result "1-0"]
[WhiteElo "1632"]
[BlackElo "1601"]
[TimeControl "2700+45"]

1. e4 c5 2. Nf3 d6 3. d4 cxd4 4. Nxd4 Nf6 5. Nc3 g6 6. Be3 Bg7 7. f3 O-O 8. Qd2
Nc6 9. O-O-O Bd7 10. h4 h5 11. Be2 Rc8 12. g4 a6 13. Bh6 Qa5 14. Bxg7 Kxg7 15.
gxh5 Nxh5 16. f4 Ng3 17. Rhg1 Nxe2+ 18. Ndxe2 Rh8 19. f5 Ne5 20. fxg6 fxg6 21.
Qg5 Rce8 22. Nf4 Rh6 23. h5 Nd3+ 24. Rxd3 Qxg5 25. Rxg5 Kf6 26. Rxg6+ Rxg6 27.
hxg6 Ke5 28. Nh5 Bg4 29. Rd5+ Ke6 30. Ng7+ Kf6 31. Nxe8+ Kxg6 32. Nc7 Kf6 33.
Rd2 Ke5 34. N7d5 e6 35. Ne3 Bf3 36. Nc4+ Kf4 37. Nxd6 e5 38. Nxb7 Bxe4 39. Nxe4
Kxe4 40. Nc5+ Ke3 41. Nxa6 e4 42. Nc5 Kf3 43. Nxe4 Kxe4 44. c3 {Black resigns}
1-0

[Event "Team 45 45 League T25"]
[Site "Internet Chess Club"]
[Date "2004.12.30"]
[Round "3"]
[White "gessie7"]
[Black "dougmo"]
[Result "1-0"]
[WhiteElo "1583"]
[BlackElo "1622"]
[TimeControl "2700+45"]

1. e4 e6 2. Nf3 d5 3. exd5 exd5 4. d4 Nf6 5. Bd3 Bb4+ 6. Nc3 O-O 7. Bg5 Re8+ 8.
Ne5 h6 9. Bh4 Nbd7 10. O-O Nxe5 11. dxe5 Rxe5 12. Qf3 Bxc3 13. bxc3 Qe7 14. Bg3
Re6 15. c4 c6 16. cxd5 Nxd5 17. Bc4 Qc5 18. Qb3 Re4 19. Bd3 Rb4 20. Qa3 Be6 21.
Rab1 a5 22. c4 Nb6 23. Qc1 Bxc4 24. Rd1 Rxb1 25. Bxb1 Nd5 26. Qc2 Nf6 27. Bd6
Qb5 28. Be7 Qh5 29. Bxf6 gxf6 30. Qh7+ Kf8 31. Re1 Be6 32. Qh8+ {Black resigns}
1-0

[Event "Team 45 45 League T25"]
[Site "Internet Chess Club"]
[Date "2005.01.03"]
[Round "3"]
[White "Stav"]
[Black "allanchs"]
[Result "0-1"]
[WhiteElo "1776"]
[BlackElo "1626"]
[TimeControl "2700+45"]

1. d4 d5 2. Nf3 Nf6 3. Bg5 e6 4. e3 Be7 5. Be2 O-O 6. O-O Nbd7 7. Nbd2 c5 8. c3
b6 9. Re1 Bb7 10. Bf1 h6 11. Bf4 Nh5 12. Be5 Nxe5 13. Nxe5 Nf6 14. f4 Nd7 15.
Ndf3 f6 16. Ng6 Rf7 17. Bd3 Bd6 18. g4 Nf8 19. h4 Nxg6 20. Bxg6 Rf8 21. h5 Bc6
22. Nh4 Be8 23. Bc2 g5 24. hxg6 f5 25. Ng2 Bxg6 26. Qf3 Kg7 27. Qg3 Kf7 28. Kf2
Rh8 29. Rh1 Qe7 30. Ne1 Rag8 31. Nf3 fxg4 32. Bxg6+ Rxg6 33. Ne5+ Bxe5 34. dxe5
h5 35. Rh4 Ke8 36. Rah1 Rgh6 37. Qg2 Qh7 38. Kg3 Qd3 39. Qf2 Kf7 40. Rf1 Kg6 41.
Re1 Rf8 42. Qe2 Qe4 43. Qg2 Rxf4 44. exf4 Qxe1+ 45. Qf2 Qe4 46. Rh1 Rh7 47. Re1
Qf5 48. Rh1 Rf7 49. Rh4 Qe4 50. Rh2 Rf5 51. Rh4 d4 52. cxd4 cxd4 53. Rh2 d3 54.
Rg2 Rf7 55. Rg1 Rc7 56. Rf1 Rc2 57. Re1 Re2 58. Rxe2 Qxe2 59. Qxe2 dxe2 60. Kf2
Kf5 61. Kxe2 Kxf4 62. b4 Kg3 63. a4 h4 64. b5 h3 65. Kf1 h2 {White resigns} 0-1

[Event "Team 45 45 League T25"]
[Site "Internet Chess Club"]
[Date "2005.01.01"]
[Round "3"]
[White "Fegary"]
[Black "KaissaXiaolin"]
[Result "0-1"]
[WhiteElo "1668"]
[BlackElo "1510"]
[TimeControl "2700+45"]

1. e4 e5 2. Nf3 Nc6 3. Bb5 Nf6 4. O-O Ng4 5. Re1 Bc5 6. Re2 Nd4 7. Nxd4 Qh4 8.
h3 Nxf2 9. Rxf2 Bxd4 10. Qf3 Bxf2+ 11. Qxf2 Qxe4 12. d3 Qg6 13. Nc3 c6 14. Bc4
d5 15. Bb3 Bxh3 16. Bd2 O-O-O 17. Re1 f6 18. Kh2 d4 19. gxh3 dxc3 20. Bxc3 Kb8
21. Rg1 Qh5 22. Rxg7 Rhf8 23. Bb4 Rfe8 24. Bf7 Qh6 25. Qg3 Rh8 26. Qg2 Qf4+ 27.
Qg3 Qxb4 28. b3 Qd2+ 29. Qg2 Qxg2+ 30. Kxg2 Rd7 31. Rg8+ Rxg8+ 32. Bxg8 Rg7+
{White resigns} 0-1

[Event "Team 45 45 League T25"]
[Site "Internet Chess Club"]
[Date "2005.01.03"]
[Round "3"]
[White "Khaifas"]
[Black "Rossinantes"]
[Result "1-0"]
[WhiteElo "2565"]
[BlackElo "2322"]
[TimeControl "2700+45"]

1. e4 c5 2. Nf3 d6 3. Nc3 Nf6 4. d4 cxd4 5. Nxd4 a6 6. Bg5 e6 7. f4 b5 8. e5
dxe5 9. fxe5 Qc7 10. exf6 Qe5+ 11. Be2 Qxg5 12. O-O Ra7 13. Qd3 Rd7 14. Ne4 Qe5
15. Nf3 Qxb2 16. Qe3 Bb7 17. Rab1 Qxc2 18. Nfg5 Qc7 19. a4 b4 20. Rxb4 Nc6 21.
Rc4 Qd8 22. fxg7 Bxg7 23. Nxe6 Qb8 24. Nxg7+ Kd8 25. Qg5+ Kc8 26. Bg4 {Black
resigns} 1-0

[Event "Team 45 45 League T25"]
[Site "Internet Chess Club"]
[Date "2005.01.02"]
[Round "3"]
[White "trevor21"]
[Black "SonnyBlack"]
[Result "0-1"]
[WhiteElo "2119"]
[BlackElo "2025"]
[TimeControl "2700+45"]

1. d4 Nf6 2. c4 e6 3. Nc3 Bb4 4. a3 Bxc3+ 5. bxc3 c5 6. f3 d5 7. cxd5 Nxd5 8.
Qd3 Nc6 9. e4 Nde7 10. Be3 O-O 11. Qd2 Qa5 12. d5 exd5 13. exd5 Nxd5 14. Bc4
Nxe3 15. Qxe3 Bf5 16. Kf2 Rae8 17. Qf4 Qxc3 18. Ne2 Qe5 19. Rac1 Qxf4 20. Nxf4
Nd4 21. Nd5 b5 22. Bf1 c4 23. Ne3 Bg6 24. Be2 Re7 25. Bxc4 bxc4 26. Rxc4 Rfe8
27. Nd5 Re2+ 28. Kg3 Nf5+ 29. Kf4 Rxg2 30. h4 h5 31. Rc7 Nd4 32. Rxa7 Ne2#
{White checkmated} 0-1

[Event "Team 45 45 League T25"]
[Site "Internet Chess Club"]
[Date "2005.01.03"]
[Round "3"]
[White "SnoopDoggyDogg"]
[Black "WesleyCrusher"]
[Result "1/2-1/2"]
[WhiteElo "1886"]
[BlackElo "2104"]
[TimeControl "2700+45"]

1. e4 c5 2. Nf3 d6 3. Bb5+ Bd7 4. Bxd7+ Qxd7 5. O-O Nf6 6. Qe2 Nc6 7. c3 e6 8.
d4 cxd4 9. cxd4 d5 10. e5 Ne4 11. Be3 Be7 12. Ne1 f5 13. f3 Ng5 14. Nd3 b6 15.
Rc1 O-O 16. b4 Rac8 17. Nd2 f4 18. b5 fxe3 19. bxc6 Rxc6 20. Qxe3 Rfc8 21. Nb3
Nf7 22. Rxc6 Rxc6 23. Rc1 Rc4 24. Nf4 Bg5 25. g3 Nh6 26. h4 Nf5 27. Qd2 Bxf4 28.
Qxf4 Rxc1+ 29. Qxc1 Nxg3 30. Kf2 Nf5 31. h5 h6 32. Qg1 Qf7 33. Qg4 Ne7 34. a4
Qf5 35. Kg3 Qxg4+ 36. fxg4 Nc6 37. g5 hxg5 38. Kg4 Kf7 39. Kxg5 a5 40. h6 gxh6+
41. Kxh6 Nb4 42. Nc1 Nc2 43. Ne2 Ne3 44. Kg5 Nc4 45. Nc3 Nd2 46. Nb5 Kg7 47. Kf4
Ne4 48. Nc7 Kf7 49. Ke3 Nc3 50. Kd3 Nxa4 51. Kc2 Ke7 52. Nb5 Kd7 53. Kb3 Nc5+
54. dxc5 bxc5 55. Na3 Kc6 56. Kc3 a4 57. Nb1 Kb5 58. Na3+ Ka5 59. Nc2 Kb6 60.
Na3 Kc6 61. Nb1 Kd7 62. Kd3 Ke7 63. Ke3 Kf7 64. Na3 Kg6 65. Kf4 Kh5 66. Nb5 c4
67. Ke3 Kg5 68. Kd4 Kf5 69. Na3 c3 70. Nc2 Kf4 71. Na3 Kf3 72. Nc2 {Game drawn
by mutual agreement} 1/2-1/2

[Event "Team 45 45 League T25"]
[Site "Internet Chess Club"]
[Date "2005.01.04"]
[Round "3"]
[White "Amauta"]
[Black "LeifEricson"]
[Result "1/2-1/2"]
[WhiteElo "1954"]
[BlackElo "1826"]
[TimeControl "2700+45"]

1. e4 g6 2. f4 Bg7 3. Nf3 d6 4. Bc4 e6 5. O-O Ne7 6. c3 O-O 7. d4 d5 8. exd5
exd5 9. Bd3 Nf5 10. Na3 Re8 11. Re1 Nd6 12. h3 Nc6 13. Rxe8+ Qxe8 14. Nb5 Nxb5
15. Bxb5 a6 16. Bd3 h5 17. Bd2 Bd7 18. Qc2 Ne7 19. Re1 Qd8 20. Nh4 Bf6 21. Nf3
Nf5 22. g4 hxg4 23. hxg4 Nh4 24. Nxh4 Bxh4 25. Re5 Bxg4 26. Bxg6 Qf6 27. Bh7+
Kh8 28. Bf5 Bf3 29. Bh3 Rg8+ 30. Kf1 Qg7 31. Rg5 Bxg5 32. fxg5 Be4 33. Qd1 Qh7
34. Qg4 Bd3+ 35. Kg1 Re8 36. Qf3 Qg6 37. Bf4 Re1+ 38. Kf2 Re2+ 39. Kg3 f6 40.
Qxd5 Re1 41. Qd8+ Kh7 42. Qxc7+ Qg7 43. Qxg7+ Kxg7 44. gxf6+ Kxf6 45. Be5+ {Game
drawn by mutual agreement} 1/2-1/2

[Event "Team 45 45 League T25"]
[Site "Internet Chess Club"]
[Date "2005.01.02"]
[Round "3"]
[White "Quoyle"]
[Black "Satan"]
[Result "1-0"]
[WhiteElo "2440"]
[BlackElo "2183"]
[TimeControl "2700+45"]

1. Nf3 c5 2. c4 Nf6 3. g3 d5 4. cxd5 Nxd5 5. Bg2 Nc7 6. Nc3 Nc6 7. a3 e5 8. b4
f6 9. bxc5 Bxc5 10. Bb2 Be6 11. O-O O-O 12. Na4 Be7 13. d3 Rc8 14. Rc1 Nb5 15.
Nc5 Bxc5 16. Rxc5 Qb6 17. Rc1 Rfd8 18. Qa4 g5 19. Rb1 g4 20. Nd2 Nbd4 21. Bxd4
Qxd4 22. Qb5 Rc7 23. Ne4 a6 24. Qb6 Qxb6 25. Rxb6 f5 26. Nc5 Bc8 27. Nxa6 bxa6
28. Rxc6 Re7 29. Rfc1 Bb7 30. Rf6 Rf8 31. Rxf8+ Kxf8 32. Bxb7 Rxb7 33. Rc6 Rb2
34. e3 Rb3 35. Rxa6 Rxd3 36. Rf6+ Ke7 37. Rxf5 Ke6 38. Rg5 Rxa3 39. Rxg4 Kf5 40.
Rg7 h6 41. Kg2 Kf6 42. Rb7 Ra6 43. g4 e4 44. Kg3 Ra2 45. Rb6+ {Black resigns}
1-0

[Event "Team 45 45 League T25"]
[Site "Internet Chess Club"]
[Date "2004.12.31"]
[Round "3"]
[White "KindlyKing"]
[Black "phoenix10q72"]
[Result "1-0"]
[WhiteElo "2105"]
[BlackElo "2311"]
[TimeControl "2700+45"]

1. c4 Nf6 2. Nc3 c5 3. Nf3 g6 4. d4 cxd4 5. Nxd4 Bg7 6. g3 O-O 7. Bg2 Nc6 8. O-O
Nxd4 9. Qxd4 d6 10. Qd3 a6 11. h3 Rb8 12. Be3 Bf5 13. Qd2 b5 14. Ba7 b4 15. Nd5
Rc8 16. Qxb4 Nxd5 17. cxd5 Rc2 18. Bd4 Bxd4 19. Qxd4 Rxe2 20. Rfe1 Rc2 21. Rac1
Qa5 22. b4 Qxa2 23. Rxc2 Qxc2 24. Rxe7 h5 25. h4 Qa4 26. Bf1 Rb8 27. Rxf7 Kxf7
28. Qa7+ Kf6 29. Qxb8 Ke5 30. Qh8+ Kxd5 31. Qc3 Ke6 32. Qc4+ Ke7 33. Qc7+ Bd7
34. Qc3 Qd1 35. Qd3 Qg4 36. Qe3+ Kf7 37. Qb6 Qd1 38. Qxa6 Qb1 39. Qxd6 Bf5 40.
Qc7+ Ke6 41. Qc4+ Kf6 42. Kh2 Qb2 43. Qf4 Kg7 44. Bh3 Bxh3 45. Kxh3 Qb1 46. Kg2
Qb3 47. Qc7+ Kh6 48. Qc5 Qb1 49. b5 Kg7 50. Qc7+ Kh6 51. b6 Qe4+ 52. Kh2 Qb4 53.
Qf4+ Qxf4 54. gxf4 {Black resigns} 1-0

[Event "Team 45 45 League T25"]
[Site "Internet Chess Club"]
[Date "2004.12.30"]
[Round "3"]
[White "jorobo"]
[Black "ChessmanDan"]
[Result "1-0"]
[WhiteElo "2149"]
[BlackElo "1777"]
[TimeControl "2700+45"]

1. c4 Nf6 2. Nc3 g6 3. e4 d6 4. d4 Bg7 5. Be2 O-O 6. Nf3 e5 7. O-O Nc6 8. d5 Ne7
9. Ne1 Nd7 10. Nd3 f5 11. Bd2 Nf6 12. f3 f4 13. c5 g5 14. cxd6 cxd6 15. Nf2 Ng6
16. Qc2 Rf7 17. Rfc1 Bf8 18. Nb5 Ne8 19. a4 Rg7 20. Ra3 h5 21. h3 g4 22. fxg4
Qg5 23. gxh5 Nh4 24. Ng4 a6 25. Nc3 Bxg4 26. Bxg4 Nf6 27. Be6+ Kh8 28. g4 Nxh5
29. Ne2 Qf6 30. Be1 Re8 31. Bf2 Rxe6 32. dxe6 d5 33. Qc8 Ng6 34. exd5 Rg8 35.
Rb3 f3 36. Ng3 Nhf4 37. Ne4 Nxh3+ 38. Kf1 Qf4 39. Qc4 Bh6 40. Rc2 Qh2 41. Ke1
Ngf4 42. Qf1 Rxg4 43. Rc8+ Kg7 44. Rxb7+ Kg6 45. Rg8+ Kf5 46. Nd6+ {Black
resigns} 1-0

[Event "Team 45 45 League T25"]
[Site "Internet Chess Club"]
[Date "2004.12.30"]
[Round "3"]
[White "chesskilleruk"]
[Black "millmag2000"]
[Result "0-1"]
[WhiteElo "2296"]
[BlackElo "2286"]
[TimeControl "2700+45"]

1. d4 d5 2. c4 e6 3. Nf3 dxc4 4. Nc3 Nf6 5. Bg5 c6 6. a4 Bb4 7. e3 b5 8. axb5
cxb5 9. Be2 Bb7 10. O-O Bxc3 11. bxc3 O-O 12. Ne5 Qc7 13. Bxf6 gxf6 14. Ng4 Nd7
15. f4 f5 16. Nf2 Nf6 17. Bf3 a5 18. Rb1 Rab8 19. Qe2 Bxf3 20. gxf3 Kh8 21. Kh1
Nd5 22. Rfc1 Rg8 23. Nh3 Rg7 24. Qd2 b4 25. cxb4 axb4 26. e4 fxe4 27. fxe4 Nc3
28. Rb2 Nxe4 29. Qe1 Qb7 {White resigns} 0-1

[Event "Team 45 45 League T25"]
[Site "Internet Chess Club"]
[Date "2005.01.03"]
[Round "3"]
[White "Vombat"]
[Black "DeLaSalle"]
[Result "1/2-1/2"]
[WhiteElo "2170"]
[BlackElo "2052"]
[TimeControl "2700+45"]

1. d4 Nc6 2. Nc3 d5 3. Nf3 Bf5 4. a3 e6 5. g3 a6 6. Bg2 Nf6 7. Ne5 Nxe5 8. dxe5
Ne4 9. Nxe4 Bxe4 10. Bxe4 dxe4 11. Be3 Qd5 12. Qxd5 exd5 13. O-O O-O-O 14. Rad1
Be7 15. f3 {Game drawn by mutual agreement} 1/2-1/2

[Event "Team 45 45 League T25"]
[Site "Internet Chess Club"]
[Date "2004.12.30"]
[Round "3"]
[White "baumhauer"]
[Black "Gregorio"]
[Result "0-1"]
[WhiteElo "1911"]
[BlackElo "2075"]
[TimeControl "2700+45"]

1. d4 g6 2. e4 d6 3. Be3 Nf6 4. f3 Nbd7 5. Bc4 c6 6. Bb3 e5 7. c3 Qc7 8. Ne2 Bg7
9. Na3 O-O 10. Qd2 Nb6 11. c4 exd4 12. Nxd4 a6 13. O-O Re8 14. Rac1 Be6 15. Qf2
Nbd7 16. h3 Ne5 17. Rfd1 c5 18. Nxe6 fxe6 19. Rd2 Nc6 20. Rcd1 Rad8 21. g4 e5
22. Ba4 Rf8 23. Bxc6 Qxc6 24. Qg2 Rd7 25. Nb1 Ne8 26. Nc3 Rdf7 27. Rf2 Nc7 28.
a4 Ne6 29. b3 Bf6 30. g5 Bd8 31. Nd5 Nd4 32. Bxd4 cxd4 33. Rd3 b5 34. Rc2 bxa4
35. b4 Kg7 36. Qg4 Rb7 37. f4 a5 38. bxa5 Rb3 39. Rdd2 Bxa5 40. Rd1 d3 41. Rh2
Bb6+ 42. Kh1 Qxc4 43. Qd7+ Rf7 44. Qxd6 Qxe4+ 45. Rg2 d2 46. Qxe5+ Qxe5 47. fxe5
Rxh3+ 48. Rh2 Rxh2+ 49. Kxh2 Ba5 50. e6 Rf5 51. e7 Kf7 52. Ne3 Rxg5 53. Nc4 Kxe7
54. Nxd2 Bxd2 55. Rxd2 a3 56. Ra2 Ra5 57. Kg3 Ra4 {White resigns} 0-1

[Event "Team 45 45 League T25"]
[Site "Internet Chess Club"]
[Date "2005.01.02"]
[Round "3"]
[White "Parsnip"]
[Black "Nomad"]
[Result "1/2-1/2"]
[WhiteElo "1775"]
[BlackElo "1854"]
[TimeControl "2700+45"]

1. d4 Nf6 2. Nf3 d5 3. Bf4 e6 4. e3 c5 5. Bd3 Nc6 6. c3 Bd6 7. Bg3 b6 8. Nbd2
Bb7 9. Qe2 Ne7 10. Rd1 O-O 11. e4 dxe4 12. Nxe4 Bxe4 13. Bxe4 Nxe4 14. Qxe4 Nd5
15. dxc5 Bxc5 16. O-O Qe7 17. Rfe1 Nf6 18. Qh4 Rfd8 19. b4 Bd6 20. Ne5 Rac8 21.
b5 Bxe5 22. Bxe5 Rxd1 23. Rxd1 Rd8 24. Qa4 Ne4 25. Rxd8+ Qxd8 26. Bd4 Nc5 27.
Qc2 f6 28. Bxc5 bxc5 29. Kf1 Qb8 30. Qe2 Kf7 31. g3 Qb7 32. Kg1 Qd5 33. c4 Qf5
34. a4 e5 35. a5 Qd7 36. Qf3 Ke7 37. Qb3 Qb7 38. b6 axb6 39. axb6 Kd6 40. Qb5 g6
41. Qa5 Kc6 42. Qb5+ Kd6 43. Qa5 f5 44. h4 e4 45. Kh2 h6 46. Kg1 g5 47. hxg5
hxg5 48. Qd2+ Kc6 49. Qxg5 Qd7 50. Qf6+ Kb7 51. Qb2 Qc6 52. Qe5 Qd7 53. Qb2 f4
54. Qe2 fxg3 55. Qxe4+ Kxb6 56. Qg6+ Ka5 57. Qxg3 Kb4 58. Qg8 Qd4 59. Kg2 Qxc4
60. Qxc4+ Kxc4 61. f4 Kd4 62. Kf3 c4 63. f5 c3 64. Ke2 Ke5 {Game drawn by mutual
agreement} 1/2-1/2

[Event "Team 45 45 League T25"]
[Site "Internet Chess Club"]
[Date "2005.01.01"]
[Round "3"]
[White "trikmamak"]
[Black "Burning-Bush"]
[Result "1-0"]
[WhiteElo "2239"]
[BlackElo "2213"]
[TimeControl "2700+45"]

1. e4 c5 2. b3 Nf6 3. e5 Nd5 4. Bb2 e6 5. g3 Be7 6. Bg2 O-O 7. Ne2 Nc6 8. O-O d6
9. exd6 Qxd6 10. Nbc3 Nf6 11. Nf4 g6 12. Re1 Nd4 13. Nce2 e5 14. Nxd4 cxd4 15.
Nd3 Nd7 16. Qe2 Bf6 17. a4 Qc7 18. Ba3 Re8 19. Nb4 Bg7 20. Nd5 Qd8 21. f4 Nb6
22. Nb4 a5 23. Nd3 Nd7 24. Bd6 Ra6 25. Bxe5 Nxe5 26. fxe5 Qc7 27. Bd5 Bf5 28.
Rac1 Be6 29. Be4 Rb6 30. Qf3 h5 31. Nf4 Bxe5 32. Nd5 Bxd5 33. Bxd5 Kg7 34. Bc4
Re7 35. Re2 Rf6 36. Qg2 Bd6 37. Rce1 Rf5 38. Rxe7 Bxe7 39. Qe4 Bf6 40. Rf1 Rxf1+
41. Kxf1 b6 42. Kg2 Qd7 43. h3 Bg5 44. d3 Qd6 45. Kf3 Qf6+ 46. Kg2 Be3 47. Qf3
Qxf3+ 48. Kxf3 f5 49. c3 g5 50. Bb5 f4 51. gxf4 gxf4 52. cxd4 Kf6 53. Ke4 Kg5
54. d5 Bc5 55. Ke5 f3 56. d4 Be7 57. d6 Bf6+ 58. Ke4 f2 59. Bf1 Kg6 60. Bc4 Kg5
61. d5 Kg6 62. d7 Kg5 63. Bf1 Kg6 64. d6 Bd8 65. Ke5 Kf7 66. Bc4+ Kg6 67. Ke6 h4
68. Bd3+ Kg7 69. Bc4 Kg6 70. Ke5 Bf6+ 71. Kd5 Bd8 72. Kc6 Kf6 73. Kb7 Ke5 74.
Kc8 Bf6 75. Kc7 Bg5 76. d8=Q Bxd8+ 77. Kxd8 Kxd6 78. Kc8 Kc6 79. Bb5+ Kc5 80.
Kc7 Kb4 81. Bc4 Kc5 82. Kb7 {Black resigns} 1-0

[Event "Team 45 45 League T25"]
[Site "Internet Chess Club"]
[Date "2005.01.01"]
[Round "3"]
[White "akdog3"]
[Black "imbak"]
[Result "1/2-1/2"]
[WhiteElo "2164"]
[BlackElo "2183"]
[TimeControl "2700+45"]

1. d4 Nf6 2. Nf3 g6 3. Bg5 Bg7 4. Nbd2 d5 5. e3 O-O 6. Bd3 Nbd7 7. O-O c5 8. c3
Qb6 9. Qb1 Re8 10. Rd1 e5 11. Bf1 exd4 12. exd4 cxd4 13. Nxd4 Ng4 14. N2f3 Nde5
15. Qc2 Nc6 16. h3 Nxd4 17. Nxd4 Ne5 18. Qb3 Nc6 19. Be3 Nxd4 20. Bxd4 Bxd4 21.
Rxd4 Be6 22. Qxb6 axb6 23. Rb4 d4 24. cxd4 Bxa2 25. b3 Red8 26. Bb5 Ra3 27. Ba4
Rd6 28. Kf1 b5 29. Rxb5 Rxa4 30. bxa4 Bc4+ 31. Ke1 Bxb5 32. axb5 Rxd4 33. Ra7 b6
34. Rb7 Rd6 35. Ke2 Kg7 36. Ke3 Kf6 {Game drawn by mutual agreement} 1/2-1/2

[Event "Team 45 45 League T25"]
[Site "Internet Chess Club"]
[Date "2005.01.01"]
[Round "3"]
[White "kikian"]
[Black "MrHyde"]
[Result "1/2-1/2"]
[WhiteElo "2070"]
[BlackElo "2184"]
[TimeControl "2700+45"]

1. e4 e6 2. d4 d5 3. e5 c5 4. c3 Nc6 5. Nf3 Bd7 6. Be2 Rc8 7. O-O a6 8. Kh1 Nge7
9. dxc5 Ng6 10. Be3 Ngxe5 11. Nxe5 Nxe5 12. b4 Bb5 13. Bxb5+ axb5 14. Bd4 Nc4
15. Nd2 f6 16. Nxc4 bxc4 17. Re1 Kf7 18. f4 g6 19. Qg4 Qd7 20. a4 h5 21. Qf3 Bg7
22. a5 Ra8 23. Re2 Ra6 24. Rb2 Rha8 25. h3 Kg8 26. Re1 Re8 27. Rbe2 Qf7 28. Qg3
Kh7 29. Qf2 Kg8 30. Rf1 Qd7 31. Qg3 Kh7 32. Rfe1 Qf7 33. Qf2 Qd7 34. g4 hxg4 35.
Qh4+ Kg8 36. hxg4 Kf7 37. f5 Rh8 38. Qxh8 Bxh8 39. fxe6+ Rxe6 40. Rxe6 Qa4 41.
Re7+ Kg8 42. g5 Bg7 43. gxf6 Bf8 44. Rxb7 Qc2 45. a6 Qf5 46. Re3 Qh5+ 47. Kg2
Qg4+ 48. Kf2 Qf5+ 49. Kg2 Qg4+ 50. Kf2 Qf5+ 51. Rf3 Qc2+ 52. Kg3 Qc1 53. Kg4 Qd1
54. a7 Qe2 55. Rg7+ Bxg7 56. a8=Q+ Bf8 57. f7+ Kh7 58. Qxf8 Qg2+ 59. Kf4 Qg5+
60. Kxg5 {Black stalemated} 1/2-1/2

[Event "Team 45 45 League T25"]
[Site "Internet Chess Club"]
[Date "2005.01.01"]
[Round "3"]
[White "searchforbobby1"]
[Black "fledermaus"]
[Result "1-0"]
[WhiteElo "2145"]
[BlackElo "1990"]
[TimeControl "2700+45"]

1. e4 c6 2. d4 d5 3. e5 Bf5 4. Nc3 h5 5. Nge2 e6 6. Ng3 Bg6 7. Bd3 Bxd3 8. Qxd3
c5 9. Be3 cxd4 10. Bxd4 Nc6 11. Nce2 h4 12. Nf1 Nge7 13. c3 Qc7 14. f4 Nf5 15.
Ne3 Nxe3 16. Qxe3 g6 17. Bc5 b6 18. Bxf8 Kxf8 19. O-O-O Kg7 20. Kb1 Rh5 21. Nd4
Nxd4 22. cxd4 Rhh8 23. Rc1 Qd7 24. Rc3 Rhc8 25. Rhc1 Rxc3 26. Qxc3 Kf8 27. g4
hxg3 28. hxg3 Kg7 29. g4 Rh8 30. a3 Rh4 31. Qg3 Rh8 32. Re1 Qe7 33. f5 Qh4 34.
f6+ Kg8 35. Qc3 g5 36. Ka2 Qh3 37. Qc8+ Kh7 38. Qc7 Rf8 39. Qc2+ Kg8 40. Qd1 Rc8
41. Rh1 Qe3 42. Rh8+ Kxh8 43. Qh1+ Kg8 44. Qh6 {Black resigns} 1-0

[Event "Team 45 45 League T25"]
[Site "Internet Chess Club"]
[Date "2005.01.02"]
[Round "3"]
[White "Arshanay"]
[Black "Anechka"]
[Result "1/2-1/2"]
[WhiteElo "2309"]
[BlackElo "2237"]
[TimeControl "2700+45"]

1. c4 g6 2. Nc3 Bg7 3. Nf3 d6 4. g3 Nd7 5. Bg2 e5 6. d3 Ne7 7. O-O O-O 8. Bd2 f5
9. Rb1 Nf6 10. b4 h6 11. b5 g5 12. a4 Qe8 13. a5 Qh5 14. a6 e4 15. dxe4 fxe4 16.
Ne1 Bh3 17. axb7 Rab8 18. Qc2 e3 19. fxe3 Ng4 20. Rxf8+ Rxf8 21. Bf3 Ne5 22. Nd5
Nxd5 23. cxd5 g4 24. b8=Q Rxb8 25. Be4 Rf8 26. Ng2 Nf3+ 27. exf3 Bxg2 28. f4 Bf3
29. Rb3 Re8 30. Bxf3 gxf3 31. Qd3 Qh3 32. Qf1 Qf5 33. Qd3 Qh3 34. Qf1 Qf5 35.
Qd3 Qh3 {Game drawn by repetition} 1/2-1/2

[Event "Team 45 45 League T25"]
[Site "Internet Chess Club"]
[Date "2005.01.02"]
[Round "3"]
[White "Catalog"]
[Black "syy89"]
[Result "1-0"]
[WhiteElo "2128"]
[BlackElo "2043"]
[TimeControl "2700+45"]

1. d4 Nf6 2. c4 g6 3. Nc3 Bg7 4. e4 d6 5. Be2 O-O 6. Nf3 e5 7. d5 a5 8. Bg5 h6
9. Bh4 Na6 10. Nd2 Qe8 11. O-O Nh7 12. f3 h5 13. Kh1 Bh6 14. a3 Bd7 15. b3 Kh8
16. Rb1 Rg8 17. b4 a4 18. Bf2 b6 19. c5 bxc5 20. Bxa6 Rxa6 21. bxc5 f5 22. c6
Bc8 23. Rb8 Qe7 24. Qe2 Ra5 25. Rfb1 Ba6 26. Rxg8+ Kxg8 27. Rb8+ Kg7 28. Qd1 Qg5
29. Ndb1 Nf6 30. Qe1 Bd3 31. Rc8 fxe4 32. Rxc7+ Kf8 33. Bh4 Qf5 34. Bxf6 exf3
35. Bh4 fxg2+ 36. Kxg2 Bxb1 37. Qxb1 Qg4+ 38. Bg3 Ra8 39. Qb7 Re8 40. Rh7 {Black
resigns} 1-0

[Event "Team 45 45 League T25"]
[Site "Internet Chess Club"]
[Date "2005.01.01"]
[Round "3"]
[White "sloper-c"]
[Black "EdBorowski"]
[Result "0-1"]
[WhiteElo "2018"]
[BlackElo "2079"]
[TimeControl "2700+45"]

1. e4 c6 2. d4 d5 3. Nc3 dxe4 4. f3 exf3 5. Nxf3 Bg4 6. Bc4 e6 7. O-O Nf6 8. Bg5
Be7 9. Qd2 Nbd7 10. Rae1 O-O 11. Qf4 Bf5 12. Ne5 Bxc2 13. Qh4 h6 14. Bxh6 Nxe5
15. dxe5 Ne8 16. Qf2 gxh6 17. Qxc2 Qd4+ 18. Qf2 Qxc4 19. Kh1 Rd8 20. Re4 Qd3 21.
Rfe1 a6 22. R1e3 Qd2 23. Re2 Qc1+ 24. Re1 Qg5 25. h4 Qh5 26. R1e3 f5 27. exf6
Rxf6 28. Qg3+ Ng7 29. Rg4 Rf1+ 30. Kh2 Bd6 31. Rxg7+ Kh8 32. Rg8+ Rxg8 33. Qxd6
Qxh4+ 34. Rh3 Rxg2+ 35. Kxg2 Qf2# {White checkmated} 0-1

[Event "Team 45 45 League T25"]
[Site "Internet Chess Club"]
[Date "2005.01.03"]
[Round "3"]
[White "Ser-Enigma"]
[Black "Scotty2Cues"]
[Result "1-0"]
[WhiteElo "2109"]
[BlackElo "1777"]
[TimeControl "2700+45"]

1. e4 d5 2. exd5 Qxd5 3. Nc3 Qa5 4. d4 Nf6 5. Bc4 Bg4 6. f3 Bh5 7. Ne2 e5 8.
dxe5 Qxe5 9. Bf4 Qc5 10. Nb5 Na6 11. Qd4 c6 12. Qxc5 Bxc5 13. Nd6+ Bxd6 14. Bxd6
b5 15. Bb3 O-O-O 16. O-O-O Nc7 17. Nf4 Bg6 18. h4 Ncd5 19. Nxg6 fxg6 20. Bc5 a5
21. a4 Rhe8 22. Rhe1 Kb7 23. g4 Nd7 24. Bd4 bxa4 25. Bxa4 N7b6 26. Bb3 Rxe1 27.
Rxe1 Rd7 28. c3 Nf4 29. Bc2 Nbd5 30. Re8 Rf7 31. Be5 Ng2 32. Rb8+ Ka7 33. Ba4
Re7 34. Bg3 Ngf4 35. Bxc6 Ne2+ 36. Kd2 Nxg3 37. Ra8+ Kb6 38. Bxd5 Rd7 39. c4 h5
40. Rb8+ Ka7 41. Rf8 hxg4 42. fxg4 Ne4+ 43. Ke3 Nf6 44. Be6 Re7 45. Rf7 Nxg4+
46. Kf4 Rxf7+ 47. Bxf7 Nf2 48. Bxg6 Nd1 49. b3 Kb6 50. Bc2 Kc5 {Black resigns}
1-0